 Yiufcrawl Soup (a DCSS fork) version 1.5.2b1-yiuf-19-g91104ff (webtiles) character file.

2052932 TittyCrusher the Middleweight Champion (level 25, 438/438 HPs)
             Began as a Bearkin Monk on Jan 25, 2018.
             Was the Champion of Cheibriados.
             Escaped with the Orb
             ... and 3 runes!
             The game lasted 03:05:27 (46301 turns).

TittyCrusher the Middleweight Champion (BKMo)      Turns: 46301, Time: 03:05:28

Health: 438/438    AC: 16    Str: 70    XL:     25   Next: 84%
Magic:  19/25      EV: 31    Int: 28    God:    Cheibriados [******]
Gold:   1614       SH:  0    Dex: 38    Spells: 9/36 levels left

rFire    + + .     SeeInvis +     - Unarmed
rCold    x . .     Gourm    .   (shield currently unavailable)
rNeg     + . .     Faith    .   (armour unavailable)
rPois    +         Spirit   .   (helmet unavailable)
rElec    .         Reflect  .   (cloak unavailable)
rCorr    +         Harm     .   (gloves unavailable)
MR       ++++.                  (boots unavailable)
Stlth    ++........             X - amulet "Igurum" {RegenMP Str+4}
Regen    0.9/turn               G - ring of Divine Compulsion {rCorr Str+4 Slay+3}
MPRegen  0.3/turn               f - ring "Yqaemoff" {*Drain Str+7 Dex+2 SInv}

@: mighty, brilliant, agile, dragon-form, flying, very slow
A: no armour, (claws 0), (fangs 0), carnivore 3, clumsy 1, deterioration 1,
(fire resistance 0), low mp 2, magic resistance 1, negative energy resistance 1,
robust 1, (shaggy fur 0), inhibited regeneration, MP-powered wands
0: Orb of Zot
}: 3/15 runes: decaying, serpentine, silver
a: End Transformation, Bend Time, Temporal Distortion, Slouch, Step From Time,
Renounce Religion, Breathe Fire


You escaped.
You worshipped Cheibriados.
Cheibriados was exalted by your worship.
You were not hungry.
You were a fearsome dragon!
You visited 10 branches of the dungeon, and saw 50 of its levels.
You visited 1 bazaar.
You also visited: Bailey.

You collected 8584 gold pieces.
You spent 6970 gold pieces at shops.

Inventory:

Armour
 F - a +5 large shield (melded)
Jewellery
 d - an uncursed ring of protection from magic
 e - an uncursed amulet of regeneration
 f - the ring "Yqaemoff" (right foreclaw) {*Drain Str+7 Dex+2 SInv}
   (You bought it in a shop on level 3 of the Elven Halls)

   [ring of see invisible]

   It affects your strength (+7).
   It affects your dexterity (+2).
   It lets you see invisible.
   It causes draining when unequipped.
 o - a +4 amulet of reflection
 D - an uncursed ring of positive energy
 G - the ring of Divine Compulsion (left foreclaw) {rCorr Str+4 Slay+3}
   (You bought it in a shop on level 1 of the Depths)

   [ring of resist corrosion]

   It affects your strength (+4).
   It affects your accuracy and damage with ranged weapons and melee attacks
   (+3).
 I - a +5 ring of protection
 U - an uncursed ring of resist corrosion
 V - the ring of Zeusoocs {Wiz +Fly rC+ rN+ Int+8}
   (You bought it in a shop on level 3 of the Snake Pit)

   [ring of wizardry]

   It improves your spell success rate.
   It affects your intelligence (+8).
   It protects you from cold.
   It protects you from negative energy.
   It lets you fly.
 X - the amulet "Igurum" (around neck) {RegenMP Str+4}
   (You found it on level 5 of the Vaults)

   [amulet of magic regeneration]

   It increases your magic regeneration.
   It affects your strength (+4).
Wands
 a - a wand of digging (11/24)
 i - a wand of clouds (1/9)
 t - a wand of digging (18/24)
 E - a wand of polymorph (9/24)
 J - a wand of lightning (8/15)
 O - a wand of digging (12/24)
 P - a wand of acid (0/15)
 Q - a wand of digging (12/24)
 R - a wand of flame (28/48)
 S - a wand of lightning (8/15)
 T - a wand of lightning (1/15)
 W - a wand of paralysis (11/24)
 Z - a wand of flame (31/48)
Scrolls
 b - 8 scrolls of immolation
 c - 7 scrolls of amnesia
 j - 6 scrolls of blinking
 k - 7 scrolls of enchant weapon
 q - 2 scrolls of summoning
 u - 12 scrolls of teleportation
 v - 21 scrolls of remove curse
 x - 3 scrolls of recharging
 y - 6 scrolls of fog
 C - 13 scrolls of identify
 H - 3 scrolls of vulnerability
 K - 5 scrolls of fear
 Y - 2 scrolls of holy word
Potions
 g - 4 potions of heal wounds
 h - a potion of invisibility
 l - 2 potions of cancellation
 m - 4 potions of ambrosia
 p - 5 potions of magic
 r - 5 potions of flight
 s - 4 potions of mutation
 z - 3 potions of might
 A - 2 potions of resistance
 B - 20 potions of curing
 L - 10 potions of lignification
 M - 8 potions of agility
 N - 6 potions of brilliance
Comestibles
 n - 56 royal jellies
 w - 8 meat rations


   Skills:
 + Level 25.3 Fighting
 - Level 14.3 Dodging
 - Level 5.6 Stealth
 - Level 6.8 Shields
 O Level 27 Unarmed Combat
 - Level 6.0 Spellcasting
 - Level 13.9 Hexes
 - Level 4.5 Charms
 - Level 16.1 Transmutations
 - Level 13.1 Earth Magic
 - Level 11.7 Invocations


You had 9 spell levels left.
You knew the following spells:

 Your Spells              Type           Power        Failure   Level  Hunger
a - Song of Slaying       Chrm           50 (100)     1%          2    None
b - Invisibility          Hex            80 (100)     1%          6    ######.
c - Statue Form           Tmut/Erth      82 (150)     1%          6    ######.
d - Dragon Form           Tmut           86 (200)     1%          7    #######
e - Hydra Form            Tmut           86 (200)     1%          6    ######.


Dungeon Overview and Level Annotations

Branches:
Dungeon (15/15)            Temple (1/1) D:4            Lair (6/6) D:9
  Swamp (4/4) Lair:4        Snake (4/4) Lair:4        Slime (0/5) Lair:6
    Orc (2/2) D:9             Elf (3/3) Orc:2        Vaults (5/5) D:13
 Depths (5/5) D:15            Zot (5/5) Depths:5
  Crypt: Vaults:2-3

Altars:
Ashenzari
Cheibriados
Dithmenos
Elyvilon
Fedhas
Gozag
Hepliaklqana
Kikubaaqudgha
Makhleb
Nemelex Xobeh
Qazlal
Ru
Uskayaw
Vehumet
Wu Jian
Xom
Yredelemnul
Zin
The Shining One
Beogh
Jiyva

Shops:
D:6 (   D:14 (   D:15 %   Orc:2 [=(}   Elf:2 :[(*   Elf:3 =   Snake:3 *(*[
Vaults:1 (   Depths:1 =[}   Depths:2 ==}*[*   Depths:3 :!(?

Portals:
Hell: Lair:6 Depths:1 Depths:2 Depths:3 Depths:4
Abyss: Depths:2 Depths:4 Depths:5
Pandemonium: Depths:3 Depths:4 Depths:5
Ziggurat: Depths:2

Annotations:
D:8 exclusion: 2 doors
Lair:2 exclusion: 2 oklob plants
Elf:2 5 runed doors
Depths:4 exclusion: orange crystal statue


Innate Abilities, Weirdness & Mutations

You can easily heft most weapons in one hand.
You become enormous when angry, and thus cannot wear armour.
((You have sharp fingernails.))
((You have very sharp teeth.))
You are carnivorous and can eat meat at any time.
((Your thick and shaggy fur keeps you warm. (AC +3, rC+)))
You are clumsy. (Dex -3)
Your body sometimes deteriorates upon taking damage.
((Your flesh is heat resistant. (rF+)))
Your magical capacity is very low. (-20% MP)
You are resistant to hostile enchantments. (MR+)
You resist negative energy. (rN+)
You are robust. (+7% HP)
You do not regenerate when monsters are visible.
You expend magic power (3 MP) to strengthen your wands.


Message History

(V) Vaults (U) Depths (H) Hell (Z) Zot
Where to? (Enter - D:1 @ (x,y), ? - help)
A dart slug comes into view.
The dart slug moves out of view.
The dart slug launches a dart at you. You block the slug dart.
You eviscerate the dart slug!!!
You kill the dart slug!
Cheibriados appreciates the change of pace.
No target in view!
No target in view!
There is a staircase leading out of the dungeon here.
You feel agile all of a sudden.
You feel very mighty all of a sudden.
You feel clever all of a sudden.
Casting: Statue Form
Confirm with . or Enter, or press ? or * to list all spells.
You turn into a fearsome dragon!
Your +5 large shield melds into your body.
You have escaped!

#.#.#.##.#.#.######.#
#.#.#.##.##.## #.#
#.#.#.##.#### #.##
#.#.#.##.# #...
#.#.#.##.# ####
#.#.#.##.#
#.#.#.##.#############
#.#.#.##..............
#...#D################
#######


There were no monsters in sight!

Vanquished Creatures
  7 orbs of fire (Zot:5)
  3 ancient liches (Zot:5)
  Mennas (Depths:4)
  A juggernaut (Depths:5)
  Boris (Depths:3)
  Vashnia (Snake:4)
  Bai Suzhen (Swamp:3)
  2 curse toes (Zot:5)
  2 Killer Klowns (Zot:5)
  Nikola (Swamp:4)
  12 golden dragons
  the Enchantress (Depths:5)
  Jorgrun (Swamp:4)
  An electric golem (Zot:5)
  A lich (Depths:2)
  28 Orb Guardians
  The ghost of loopi the Slayer, an adept BKHu of Okawaru (Swamp:4)
  7 tentacled monstrosities
  5 thorn hunters
  Asterion (Snake:2)
  A deep elf blademaster (Elf:3)
  6 titans (Vaults:5)
  3 quicksilver dragons
  2 acid blobs (Depths:3)
  5 death cobs
  Gastronok (Lair:2)
  4 shadow dragons
  Kirke (Snake:1)
  Agnes (D:14)
  A sphinx (Depths:4)
  7 tengu reavers
  6 storm dragons
  Roxanne (Swamp:2)
  11 fire giants
  The ghost of pipel the Severer, an adept LOBe of Trog (Snake:3)
  7 nagarajas
  2 draconian monks
  6 deep elf sorcerers (Elf:3)
  3 ghost moths
  6 vault wardens
  7 frost giants
  An iron dragon (Vaults:5)
  3 draconian knights
  5 draconian shifters
  Aizul (Snake:2)
  4 draconian scorchers
  An orc warlord (Orc:2)
  The ghost of Angani the Spear-Bearer, a journeyman NLAr of Okawaru (Orc:2)
  5 deep elf elementalists
  2 draconian stormcallers
  2 draconian annihilators (Zot:5)
  3 spriggan defenders (Depths:5)
  20 very ugly things
  3 war gargoyles
  12 stone giants
  4 green draconians
  4 deep elf demonologists
  5 ironheart preservers
  A vampire knight (Depths:1)
  5 black draconians
  An entropy weaver (Vaults:5)
  8 deep elf annihilators
  4 purple draconians
  4 yellow draconians
  3 red draconians
  3 white draconians
  9 spark wasps
  12 ettins
  A dire elephant (Lair:6)
  11 deep elf death magi
  9 fire dragons
  Snorg (D:14)
  12 yaktaur captains
  5 deep elf high priests
  Erolcha (Orc:1)
  6 great orbs of eyes
  17 naga warriors
  A hell beast (Depths:4)
  7 ice dragons
  24 hydras
  7 spriggan air magi
  25 vault guards (Vaults:5)
  9 rakshasas
  Erica (D:8)
  14 anacondas
  2 death knights
  2 ghost crabs (Swamp:3)
  A satyr (shapeshifter) (Vaults:5)
  15 deep troll shamans
  7 centaur warriors
  2 alligators
  13 deep troll earth magi
  35 two-headed ogres
  10 ogre magi
  15 dancing weapons
  2 tengu warriors
  5 orc high priests (Orc:2)
  14 naga sharpshooters
  7 shock serpents
  A soul eater (Depths:4)
  7 spriggan berserkers
  9 deep elf knights
  5 small abominations
  2 sun demons
  14 hell knights
  9 iron trolls
  A fire crab (D:8)
  A deep troll (shapeshifter) (Depths:5)
  38 deep trolls
  12 swamp dragons
  3 unseen horrors
  3 spriggan druids
  3 wizards
  2 glowing orange brains
  A torturous demonspawn (D:11)
  A flayed ghost (Depths:4)
  10 naga ritualists
  6 sea snakes (Snake:3)
  2 shambling mangroves
  3 skeletal warriors (D:13)
  A lindwurm (Lair:5)
  3 phantasmal warriors (Vaults:5)
  6 deep elf archers
  The ghost of shpingle the Grappler, a novice SEMo of Nemelex Xobeh (Bailey)
  Pikel (D:8)
  12 orc knights
  8 ironbrand convokers
  8 necromancers
  A harpy (shapeshifter) (Depths:4)
  A faun (shapeshifter) (Vaults:5)
  38 deep elf magi
  13 mana vipers
  24 ugly things
  3 oklob plants (Depths:3)
  2 wolf spiders (Vaults:5)
  11 moths of wrath
  3 manticores
  8 orc sorcerers
  8 cyclopes
  5 elephants (Lair:6)
  A moth of wrath (shapeshifter) (Vaults:5)
  13 salamanders
  2 vault sentinels (Vaults:5)
  4 centaur zombies
  An elephant (shapeshifter) (Depths:5)
  40 black mambas
  28 naga magi
  3 rust devils
  5 guardian serpents
  Psyche (D:8)
  2 gargoyles
  3 orange demons
  10 spiny frogs
  A freezing wraith (D:15)
  A hellwing (Lair:6)
  3 rime drakes
  3 efreet
  15 yaktaurs
  10 komodo dragons
  2 red devils
  3 ice devils
  A jumping spider (shapeshifter) (Depths:4)
  A tengu conjurer (D:14)
  A jumping spider (Vaults:5)
  6 trolls
  3 meliai
  4 polar bears
  Grinder (D:3)
  12 hornets
  A queen bee (D:14)
  5 tyrant leeches
  A shadow dragon simulacrum (Depths:4)
  35 slime creatures
  26 blink frogs
  A wolf spider simulacrum (D:15)
  10 bog bodies
  A raiju (shapeshifter) (Depths:5)
  3 large abominations
  8 hippogriffs
  7 dream sheep (Lair:6)
  10 spriggans
  A redback (Vaults:5)
  Sigmund (D:6)
  A tarantella (Vaults:5)
  8 air elementals
  4 shadows
  43 yaks
  3 vampires
  2 fire elementals (Elf:1)
  7 wyverns
  6 basilisks
  5 hogs (Snake:1)
  A wraith (Vaults:1)
  7 water elementals
  A yak (shapeshifter) (Vaults:3)
  Grum (Lair:1)
  A golden eye (shapeshifter) (Vaults:5)
  A chaos spawn (D:4)
  3 hungry ghosts
  29 vampire mosquitoes
  A neqoxec (Zot:5)
  10 insubstantial wisps
  The ghost of grasspergers the Sneak, an amateur SEAs of Dithmenos (D:3)
  A soldier ant (D:15)
  60 nagas
  28 swamp worms
  7 wargs
  4 hell hounds (Lair:6)
  5 acid dragons
  A floating eye (shapeshifter) (Vaults:5)
  6 water moccasins
  7 ice beasts
  14 porcupines
  61 orc warriors
  An eye of draining (shapeshifter) (Depths:5)
  13 swamp drakes
  4 black bears
  3 slaves (D:8)
  6 sky beasts
  An eye of draining (D:12)
  5 necrophages (Swamp:2)
  14 centaurs
  5 phantoms
  5 boggarts (Depths:1)
  42 ogres
  7 wolves
  5 elf zombies (Elf:3)
  17 crocodiles
  A big kobold (D:8)
  21 bullfrogs
  A gnoll sergeant (D:11)
  3 earth elementals
  A wyvern zombie (D:13)
  3 scorpions
  A water moccasin zombie (D:9)
  A wyvern skeleton (D:10)
  29 killer bees
  9 wights (D:11)
  2 howler monkeys
  4 electric eels
  2 bullfrog zombies
  8 crimson imps
  A quasit (D:13)
  32 orc priests
  6 hounds
  2 jellies
  2 bullfrog skeletons
  A gnoll shaman (D:5)
  20 orc wizards
  6 centaur skeletons
  2 iguanas
  14 worker ants
  A hound zombie (D:10)
  A hound skeleton (D:4)
  11 gnolls
  11 adders
  A river rat (Lair:6)
  6 shadow imps
  2 oozes
  An adder skeleton (D:8)
  3 worms
  2 dart slugs
  An adder simulacrum (D:8)
  4 leopard geckos
  151 orcs
  A ball python (D:5)
  4 giant cockroaches
  9 goblins
  11 hobgoblins
  6 jackals
  8 kobolds
  6 quokkas
  3 bats
  7 frilled lizards
  A giant cockroach zombie (D:5)
  A jackal skeleton (D:7)
  A leopard gecko skeleton (D:5)
  5 rats
  2 fungi (D:9)
2036 creatures vanquished.

Vanquished Creatures (others)
  A deep elf master archer (Elf:3)
  A naga sharpshooter (Snake:4)
  A spriggan druid (Swamp:3)
  A deep elf archer (Elf:1)
  3 cyclopes
  A moth of wrath (Zot:5)
  2 naga magi
  2 spriggans (Swamp:3)
  A slave (D:8)
  2 swamp drakes (Swamp:4)
  A centaur (D:8)
  An orc priest (Orc:2)
  17 fungi
  17 plants
51 creatures vanquished.

Grand Total: 2087 creatures vanquished

Notes
Turn   | Place    | Note
-------+----------+-------------------------------------------
     0 | D:1      | TittyCrusher the Bearkin Monk began the quest for the Orb.
     0 | D:1      | Reached XP level 1. HP: 24/24 MP: 1/1
   143 | D:1      | Reached skill level 1 in Unarmed Combat
   154 | D:1      | Gained mutation: When hurt, damage is shared between your health and your magic reserves. [the bear spirit]
   154 | D:1      | Reached XP level 2. HP: 27/31 MP: 2/2
   272 | D:1      | Reached skill level 2 in Unarmed Combat
   904 | D:2      | Reached XP level 3. HP: 38/38 MP: 3/3
   937 | D:2      | Reached skill level 3 in Unarmed Combat
  1238 | D:2      | Reached skill level 4 in Unarmed Combat
  1602 | D:2      | Gained mutation: You resist negative energy. (rN+) [the bear spirit]
  1602 | D:2      | Reached XP level 4. HP: 45/45 MP: 4/4
  1786 | D:3      | Noticed grasspergers's ghost (amateur SEAs)
  1798 | D:3      | Killed grasspergers's ghost
  1798 | D:3      | Reached skill level 5 in Unarmed Combat
  1798 | D:3      | Reached XP level 5. HP: 51/51 MP: 5/5
  1963 | D:3      | Reached skill level 6 in Unarmed Combat
  2012 | D:3      | Noticed Grinder
  2030 | D:3      | Killed Grinder
  2030 | D:3      | Reached skill level 7 in Unarmed Combat
  2030 | D:3      | Reached XP level 6. HP: 22/60 MP: 1/6
  2273 | D:3      | Found an opulent altar of Gozag.
  2810 | D:4      | Found a shimmering altar of Xom.
  2813 | D:4      | Found a shimmering altar of Xom.
  2815 | D:4      | Found a blossoming altar of Fedhas.
  2815 | D:4      | Found a shimmering altar of Xom.
  2816 | D:4      | Found a faded altar of an unknown god.
  2816 | D:4      | Found a shimmering altar of Xom.
  2817 | D:4      | Found a viscous altar of Jiyva.
  2820 | D:4      | You fall through a shaft for 3 floors!
  2827 | D:7      | Noticed a hungry ghost
  2833 | D:7      | Reached skill level 8 in Unarmed Combat
  2833 | D:7      | Reached XP level 7. HP: 63/66 MP: 7/7
  2861 | D:7      | Killed a hungry ghost
  2893 | D:7      | Reached skill level 9 in Unarmed Combat
  3248 | D:8      | Gained mutation: You possess an exceptional clarity of mind. [mutagenic meat]
  3249 | D:8      | Lost mutation: You possess an exceptional clarity of mind. [mutagenic meat]
  3266 | D:8      | Noticed a two-headed ogre
  3314 | D:8      | Noticed a two-headed ogre
  3321 | D:8      | Killed a two-headed ogre
  3321 | D:8      | Reached skill level 11 in Unarmed Combat
  3321 | D:8      | Gained mutation: You are resistant to hostile enchantments. (MR+) [the bear spirit]
  3321 | D:8      | Reached XP level 8. HP: 73/73 MP: 6/8
  3391 | D:8      | Noticed Pikel
  3396 | D:8      | Noticed a fire crab
  3396 | D:8      | Noticed a two-headed ogre
  3397 | D:8      | Noticed a centaur warrior
  3398 | D:8      | Killed a fire crab
  3398 | D:8      | Reached skill level 12 in Unarmed Combat
  3398 | D:8      | Reached XP level 9. HP: 80/80 MP: 9/9
  3401 | D:8      | Noticed a frost giant
  3409 | D:8      | Killed a frost giant
  3409 | D:8      | Reached skill level 14 in Unarmed Combat
  3418 | D:8      | Killed a centaur warrior
  3418 | D:8      | Reached XP level 10. HP: 45/87 MP: 2/10
  3419 | D:8      | Killed Pikel
  3419 | D:8      | Reached skill level 15 in Unarmed Combat
  3422 | D:8      | Noticed an orc knight
  3425 | D:8      | Killed a two-headed ogre
  3522 | D:8      | Found a flagged portal.
  3529 | Bailey   | Entered a bailey
  3566 | Bailey   | Noticed shpingle's ghost (novice SEMo)
  3568 | Bailey   | Reached skill level 16 in Unarmed Combat
  3606 | Bailey   | Killed shpingle's ghost
  4266 | Bailey   | Lost mutation: You resist negative energy. (rN+) [potion of mutation]
  4266 | Bailey   | Gained mutation: You are frail. (-7% HP) [potion of mutation]
  4266 | Bailey   | Gained mutation: You are highly resistant to hostile enchantments. (MR++) [potion of mutation]
  4266 | Bailey   | Gained mutation: You have large cloven feet. [potion of mutation]
  4266 | Bailey   | Gained mutation: You are weak. (Str -3) [potion of mutation]
  4266 | Bailey   | Gained mutation: Your flesh is cold resistant. (rC+) [potion of mutation]
  4716 | Bailey   | Reached skill level 17 in Unarmed Combat
  5131 | D:8      | Noticed Psyche
  5139 | D:8      | Killed Psyche
  5139 | D:8      | Reached XP level 11. HP: 72/86 MP: 9/11
  5205 | D:8      | Reached skill level 5 in Fighting
  5316 | D:8      | Killed an orc knight
  5598 | D:8      | Identified the Compendium of Conjuration and Talismans
  5828 | D:8      | Killed a two-headed ogre
  5968 | D:8      | Noticed Erica
  5986 | D:8      | Killed Erica
  6298 | D:9      | Found a staircase to the Lair.
  6526 | D:9      | Reached skill level 10 in Fighting
  6648 | D:9      | Found a stormy altar of Qazlal.
  6744 | D:9      | Found a staircase to the Orcish Mines.
  7064 | D:10     | Entered Level 10 of the Dungeon
  7135 | D:6      | Found Inumao Vixke's Antique Weapon Emporium.
  7248 | D:6      | Noticed Sigmund
  7256 | D:6      | Killed Sigmund
  8081 | D:5      | Entered Level 5 of the Dungeon
  8223 | D:4      | Got a pitted spear
  8224 | D:4      | Identified the cursed +1 spear of Nawet {freeze, rN+ Str-5 Dex+4} (You found it on level 4 of the Dungeon)
  8425 | D:4      | Found a staircase to the Ecumenical Temple.
  8430 | Temple   | Entered the Ecumenical Temple
  8472 | Temple   | Became a worshipper of Cheibriados the Contemplative
  8472 | Temple   | Reached * piety under Cheibriados
  8472 | Temple   | Reached ** piety under Cheibriados
  9645 | D:7      | Reached *** piety under Cheibriados
  9688 | Lair:1   | Entered Level 1 of the Lair of Beasts
  9741 | D:10     | Noticed a two-headed ogre
 10174 | D:10     | Killed a two-headed ogre
 10255 | D:10     | Reached skill level 5 in Dodging
 10391 | D:10     | Gained mutation: You are extremely resistant to the effects of hostile enchantments. (MR+++) [the bear spirit]
 10391 | D:10     | Reached XP level 12. HP: 110/113 MP: 12/12
 10719 | D:11     | Reached **** piety under Cheibriados
 11346 | D:11     | Reached skill level 1 in Invocations
 11819 | D:11     | Got a scintillating copper ring
 12144 | Lair:1   | Reached skill level 1 in Shields
 12218 | Lair:1   | Noticed Grum
 12226 | Lair:1   | Killed Grum
 12229 | Lair:1   | Reached ***** piety under Cheibriados
 12931 | Lair:2   | Identified the ring of the Moon {rPois Int+6 Dex+4} (You took it off an orc on level 11 of the Dungeon)
 12981 | Lair:2   | Noticed Gastronok
 13003 | Lair:2   | Killed Gastronok
 13003 | Lair:2   | Reached skill level 10 in Dodging
 13084 | Lair:2   | Noticed a five-headed hydra
 13093 | Lair:2   | Killed a five-headed hydra
 13251 | Lair:2   | Reached XP level 13. HP: 119/119 MP: 15/15
 14226 | Lair:3   | Lost mutation: You are extremely resistant to the effects of hostile enchantments. (MR+++) [potion of mutation]
 14226 | Lair:3   | Lost mutation: You are weak. (Str -3) [potion of mutation]
 14226 | Lair:3   | Lost mutation: Your flesh is cold resistant. (rC+) [potion of mutation]
 14226 | Lair:3   | Lost mutation: You are frail. (-7% HP) [potion of mutation]
 14226 | Lair:3   | Lost mutation: You are highly resistant to hostile enchantments. (MR++) [potion of mutation]
 14226 | Lair:3   | Lost mutation: When hurt, damage is shared between your health and your magic reserves. [potion of mutation]
 14226 | Lair:3   | Lost mutation: You have large cloven feet. [potion of mutation]
 14226 | Lair:3   | Gained mutation: You have supernaturally acute eyesight. (SInv) [potion of mutation]
 14226 | Lair:3   | Gained mutation: You are weak. (Str -3) [potion of mutation]
 14226 | Lair:3   | Gained mutation: Your spells are a little harder to cast, but a little more powerful. [potion of mutation]
 14226 | Lair:3   | Gained mutation: Your spells are harder to cast, but more powerful. [potion of mutation]
 14226 | Lair:3   | Gained mutation: You occasionally shout uncontrollably at your foes. [potion of mutation]
 14226 | Lair:3   | Lost mutation: You have supernaturally acute eyesight. (SInv) [potion of mutation]
 14226 | Lair:3   | Gained mutation: You are robust. (+7% HP) [potion of mutation]
 14623 | Lair:3   | Was placed under penance by Cheibriados
 14647 | Lair:3   | Was forgiven by Cheibriados
 15361 | Lair:4   | Found a staircase to the Snake Pit.
 16063 | Lair:4   | Found a staircase to the Swamp.
 16828 | Lair:5   | Reached skill level 5 in Shields
 17306 | Lair:5   | Reached ****** piety under Cheibriados
 17445 | Lair:6   | Entered Level 6 of the Lair of Beasts
 17689 | Lair:6   | Reached skill level 5 in Stealth
 17793 | Lair:6   | Noticed a dire elephant
 17801 | Lair:6   | Gained mutation: You have an increased reservoir of magic. (+10% MP) [the bear spirit]
 17801 | Lair:6   | Reached XP level 14. HP: 147/147 MP: 15/18
 18039 | Lair:6   | Reached skill level 5 in Invocations
 18350 | Lair:6   | Found a staircase to the Slime Pits.
 18350 | Lair:6   | Found a viscous altar of Jiyva.
 18745 | Lair:6   | Found a burning altar of Makhleb.
 18767 | Lair:6   | Found a gateway to Hell.
 19685 | D:13     | Reached skill level 10 in Invocations
 20689 | D:13     | Found a gate to the Vaults.
 21317 | D:14     | Reached XP level 15. HP: 154/154 MP: 26/26
 21406 | D:14     | Noticed Snorg
 21424 | D:14     | Killed Snorg
 21540 | D:14     | Noticed Agnes
 21551 | D:14     | Killed Agnes
 22162 | D:14     | Found Gatosech's Weapon Boutique.
 22201 | D:15     | Entered Level 15 of the Dungeon
 22247 | D:15     | Reached skill level 18 in Unarmed Combat
 22996 | D:15     | Found a staircase to the Depths.
 23049 | D:15     | Found an ornate altar of the Wu Jian Council.
 23469 | D:15     | Found Oduo's Food Emporium.
 23773 | Orc:1    | Entered Level 1 of the Orcish Mines
 24015 | Orc:2    | Entered Level 2 of the Orcish Mines
 24135 | Orc:2    | Reached skill level 19 in Unarmed Combat
 24225 | Orc:1    | Noticed Erolcha
 24232 | Orc:1    | Killed Erolcha
 24531 | Orc:2    | Noticed Angani's ghost (journeyman NLAr)
 24550 | Orc:2    | Killed Angani's ghost
 24632 | Orc:1    | Found a roughly hewn altar of Beogh.
 24935 | Orc:2    | Found a roughly hewn altar of Beogh.
 24939 | Orc:2    | Found Ykacsa Yxa's Armour Emporium.
 25308 | Orc:2    | Found Houcuafa's Jewellery Shoppe.
 25313 | Orc:2    | Bought a +5 ring of protection for 770 gold pieces
 25403 | Orc:2    | Gained mutation: You resist negative energy. (rN+) [the bear spirit]
 25403 | Orc:2    | Reached XP level 16. HP: 156/162 MP: 27/27
 25698 | Orc:2    | Found a staircase to the Elven Halls.
 26474 | Orc:2    | Found Ifuci's Gadget Boutique.
 26510 | Orc:2    | Reached skill level 20 in Unarmed Combat
 26669 | Orc:2    | Found a roughly hewn altar of Beogh.
 26677 | Orc:2    | Found Gomp's Antique Weapon Shoppe.
 26953 | Swamp:1  | Entered Level 1 of the Swamp
 27207 | Swamp:1  | Lost mutation: You have an increased reservoir of magic. (+10% MP) [potion of mutation]
 27207 | Swamp:1  | Lost mutation: You are resistant to hostile enchantments. (MR+) [potion of mutation]
 27207 | Swamp:1  | Lost mutation: You are weak. (Str -3) [potion of mutation]
 27207 | Swamp:1  | Lost mutation: You are robust. (+7% HP) [potion of mutation]
 27207 | Swamp:1  | Lost mutation: Your spells are harder to cast, but more powerful. [potion of mutation]
 27207 | Swamp:1  | Lost mutation: You occasionally shout uncontrollably at your foes. [potion of mutation]
 27207 | Swamp:1  | Lost mutation: Your spells are a little harder to cast, but a little more powerful. [potion of mutation]
 27207 | Swamp:1  | Gained mutation: You evolve. [potion of mutation]
 27207 | Swamp:1  | Lost mutation: You evolve. [potion of mutation]
 27207 | Swamp:1  | Gained mutation: You are robust. (+7% HP) [potion of mutation]
 27207 | Swamp:1  | Gained mutation: You have a small jelly attached to you that senses nearby items. [potion of mutation]
 27801 | Swamp:2  | Learned a level 2 spell: Song of Slaying
 27808 | Swamp:2  | Learned a level 6 spell: Invisibility
 27865 | Swamp:2  | Reached skill level 1 in Charms
 28002 | Swamp:2  | Noticed Roxanne
 28023 | Swamp:2  | Killed Roxanne
 28036 | Swamp:2  | Learned a level 6 spell: Statue Form
 28204 | Swamp:3  | Noticed a thorn hunter
 28216 | Swamp:3  | Killed a thorn hunter
 28593 | Swamp:3  | Noticed Bai Suzhen
 28640 | Swamp:3  | Killed Bai Suzhen
 28758 | Swamp:3  | Noticed a thorn hunter
 28768 | Swamp:3  | Killed a thorn hunter
 28768 | Swamp:3  | Reached skill level 5 in Spellcasting
 28813 | Swamp:3  | Noticed a thorn hunter
 28952 | Swamp:3  | Killed a thorn hunter
 29083 | Swamp:3  | Learned a level 7 spell: Dragon Form
 29274 | Swamp:3  | Learned a level 6 spell: Hydra Form
 29487 | Swamp:4  | Entered Level 4 of the Swamp
 29523 | Swamp:4  | Lost mutation: You have a small jelly attached to you that senses nearby items. [potion of mutation]
 29523 | Swamp:4  | Lost mutation: You resist negative energy. (rN+) [potion of mutation]
 29523 | Swamp:4  | Lost mutation: You are robust. (+7% HP) [potion of mutation]
 29523 | Swamp:4  | Gained mutation: You expend magic power (3 MP) to strengthen your wands. [potion of mutation]
 29523 | Swamp:4  | Gained mutation: Your flesh is heat resistant. (rF+) [potion of mutation]
 29523 | Swamp:4  | Gained mutation: You are resistant to hostile enchantments. (MR+) [potion of mutation]
 29565 | Swamp:4  | Noticed loopi's ghost (adept BKHu)
 29578 | Swamp:4  | Noticed Jorgrun
 29579 | Swamp:4  | Reached skill level 1 in Transmutations
 29600 | Swamp:4  | Killed Jorgrun
 29600 | Swamp:4  | Reached XP level 17. HP: 108/159 MP: 1/26
 29995 | Swamp:4  | Killed loopi's ghost
 29995 | Swamp:4  | Reached skill level 5 in Transmutations
 30089 | Swamp:4  | Noticed Nikola
 30118 | Swamp:4  | Killed Nikola
 30461 | Swamp:4  | Noticed a thorn hunter
 30469 | Swamp:4  | Killed a thorn hunter
 30667 | Swamp:4  | Got a decaying rune of Zot
 31034 | Snake:1  | Entered Level 1 of the Snake Pit
 31064 | Snake:1  | Reached skill level 1 in Earth Magic
 31168 | Snake:1  | Noticed Kirke
 31196 | Snake:1  | Killed Kirke
 31472 | Snake:1  | Reached skill level 5 in Earth Magic
 32010 | Snake:2  | Noticed Aizul
 32022 | Snake:2  | Killed Aizul
 32410 | Snake:2  | Noticed Asterion
 32461 | Snake:2  | Reached skill level 10 in Transmutations
 32565 | Snake:2  | Killed Asterion
 32565 | Snake:2  | Gained mutation: Your natural rate of healing is unusually fast. [the bear spirit]
 32565 | Snake:2  | Reached XP level 18. HP: 168/168 MP: 22/27
 32863 | Snake:3  | Found Dyizelul's Weapon Emporium.
 32863 | Snake:3  | Found Jinol's General Store.
 32867 | Snake:3  | Found Moneaf's Armour Emporium.
 32878 | Snake:3  | Bought a scroll of enchant armour for 112 gold pieces
 32961 | Snake:3  | Noticed pipel's ghost (adept LOBe)
 32967 | Snake:3  | Killed pipel's ghost
 33342 | Snake:3  | Found Oseceute's Assorted Antiques.
 33350 | Snake:3  | Bought a scroll of enchant armour for 300 gold pieces
 33350 | Snake:3  | Bought a potion of agility for 160 gold pieces
 33350 | Snake:3  | Bought a translucent bronze ring for 200 gold pieces
 33350 | Snake:3  | Bought a scroll of teleportation for 120 gold pieces
 33350 | Snake:3  | Bought a scroll of teleportation for 120 gold pieces
 33353 | Snake:3  | Identified the ring of Zeusoocs {Wiz +Fly rC+ rN+ Int+8} (You bought it in a shop on level 3 of the Snake Pit)
 33490 | Snake:4  | Entered Level 4 of the Snake Pit
 33599 | Snake:4  | Reached skill level 1 in Hexes
 33706 | Snake:4  | Noticed Vashnia
 33728 | Snake:4  | Reached skill level 5 in Hexes
 33735 | Snake:4  | Killed Vashnia
 33953 | Snake:4  | Reached XP level 19. HP: 176/176 MP: 28/28
 34023 | Snake:4  | Got a serpentine rune of Zot
 34623 | Elf:1    | Entered Level 1 of the Elven Halls
 34799 | Elf:1    | Noticed a Brimstone Fiend
 35543 | Elf:2    | Reached skill level 15 in Fighting
 35614 | Elf:2    | Found Cecoikoask's General Store.
 35615 | Elf:2    | Found Ticouxto's Armour Emporium.
 35615 | Elf:2    | Found Enaz Fau's Book Emporium.
 35615 | Elf:2    | Found Ajeph's Weapon Emporium.
 35837 | Elf:2    | Found a huge runed gate.
 35837 | Elf:2    | Found a huge runed gate.
 35837 | Elf:2    | Found a huge runed gate.
 35838 | Elf:2    | Found a huge runed gate.
 35840 | Elf:2    | Found a huge runed gate.
 35883 | Elf:3    | Entered Level 3 of the Elven Halls
 35883 | Elf:3    | Found Soofar's Jewellery Boutique.
 35894 | Elf:3    | Bought the ring "Yqaemoff" {*Drain Str+7 Dex+2 SInv} for 670 gold pieces
 35984 | Elf:3    | Identified Kikubaaqudgha's Incunabulum of Unholy Arts
 36507 | Elf:3    | Noticed a Tzitzimitl
 36514 | Elf:3    | Gained mutation: You are robust. (+7% HP) [the bear spirit]
 36514 | Elf:3    | Reached XP level 20. HP: 96/218 MP: 29/29
 36719 | Elf:3    | Got a translucent tin ring
 36719 | Elf:3    | Got a pitted lead amulet
 36720 | Elf:3    | Identified the ring "Cegent" {*Tele +Blink rF- rN+++ Str-5} (You took it off a deep elf mage on level 3 of the Elven Halls)
 36722 | Elf:3    | Identified the amulet "Reix" {Harm *Drain +Inv rF+ rN+ Str-3} (You took it off a deep elf elementalist on level 3 of the Elven Halls)
 36809 | Elf:3    | Identified Sif Muna's Volume of Boosting Evil Rituals
 36812 | Elf:3    | Identified the Grimoire of the Voyage and the Rocks
 36842 | Elf:3    | Identified the Handbook of Ice and Translocation
 37228 | Vaults:1 | Entered Level 1 of the Vaults
 37332 | Vaults:1 | Found Putres's Weapon Shop.
 37885 | Vaults:5 | Entered Level 5 of the Vaults
 37887 | Vaults:5 | Noticed a golden dragon
 38054 | Vaults:5 | Noticed a golden dragon
 38061 | Vaults:5 | Killed a golden dragon
 38088 | Vaults:5 | Noticed a golden dragon
 38095 | Vaults:5 | Killed a golden dragon
 38099 | Vaults:5 | Killed a golden dragon
 38187 | Vaults:5 | Reached XP level 21. HP: 241/248 MP: 30/30
 38197 | Vaults:5 | Got a pitted crystal amulet
 38198 | Vaults:5 | Identified the amulet "Igurum" {RegenMP Str+4} (You found it on level 5 of the Vaults)
 38284 | Vaults:5 | Noticed a golden dragon
 38294 | Vaults:5 | Killed a golden dragon
 38421 | Vaults:5 | Got a silver rune of Zot
 38497 | Vaults:5 | Reached skill level 21 in Unarmed Combat
 38903 | Vaults:5 | Reached skill level 22 in Unarmed Combat
 38908 | Vaults:5 | Paralysed by a floating eye for 2 turns
 39491 | Depths:1 | Entered Level 1 of the Depths
 39510 | Depths:1 | Found Manaolo's Gadget Shoppe.
 39600 | Depths:1 | Found Ama Vyll's Gadget Shoppe.
 39666 | Depths:1 | Found Gotwuama's Armour Emporium.
 39767 | Depths:1 | Reached skill level 23 in Unarmed Combat
 39776 | Depths:1 | Found a flickering gateway to a bazaar.
 39785 | Bazaar   | Entered a bazaar
 39787 | Bazaar   | Found Keung's Distillery.
 39791 | Bazaar   | Found Nuxug's Antique Armour Boutique.
 39791 | Bazaar   | Found Seammawi's Assorted Antiques.
 39792 | Bazaar   | Found Vonoik's Gadget Boutique.
 39807 | Bazaar   | Bought a scroll labeled UKHLYI HIBRAJEO for 29 gold pieces
 39818 | Bazaar   | Bought a potion of lignification for 51 gold pieces
 39818 | Bazaar   | Bought a potion of mutation for 136 gold pieces
 39818 | Bazaar   | Bought a potion of resistance for 170 gold pieces
 39818 | Bazaar   | Bought a potion of curing for 51 gold pieces
 39818 | Bazaar   | Bought a potion of magic for 136 gold pieces
 39818 | Bazaar   | Bought a potion of curing for 51 gold pieces
 39818 | Bazaar   | Bought a potion of heal wounds for 85 gold pieces
 39818 | Bazaar   | Bought a potion of brilliance for 68 gold pieces
 39818 | Bazaar   | Bought a potion of curing for 51 gold pieces
 39818 | Bazaar   | Bought a potion of brilliance for 68 gold pieces
 39835 | Bazaar   | Bought a potion of curing for 87 gold pieces
 39835 | Bazaar   | Bought a potion of ambrosia for 232 gold pieces
 39835 | Bazaar   | Bought a potion of agility for 116 gold pieces
 39885 | Depths:1 | Found Pofuskei's Jewellery Emporium.
 39895 | Depths:1 | Bought the ring of Divine Compulsion {rCorr Str+4 Slay+3} for 912 gold pieces
 40027 | Depths:1 | Gained mutation: You resist negative energy. (rN+) [the bear spirit]
 40027 | Depths:1 | Reached XP level 22. HP: 258/258 MP: 28/31
 40580 | Depths:2 | Reached skill level 10 in Earth Magic
 40590 | Depths:2 | Found a gateway to a ziggurat.
 40647 | Depths:2 | Found Gozag's Antique Armour Shoppe.
 40669 | Depths:2 | Found an opulent altar of Gozag.
 40669 | Depths:2 | Found Gozag's Assorted Antiques.
 40669 | Depths:2 | Noticed a golden dragon
 40727 | Depths:2 | Bought a scroll of blinking for 750 gold pieces
 40739 | Depths:2 | Found Gozag's Assorted Antiques.
 40742 | Depths:2 | Killed a golden dragon
 40869 | Depths:2 | Bought a scroll of teleportation for 300 gold pieces
 40883 | Depths:2 | Found a one-way gate to the infinite horrors of the Abyss.
 41159 | Depths:2 | Found Burel's Gadget Boutique.
 41159 | Depths:2 | Found Sapp's Jewellery Emporium.
 41160 | Depths:2 | Found Edemuo Pybb's Jewellery Emporium.
 41471 | Depths:3 | Noticed Boris
 41477 | Depths:3 | Killed Boris
 41537 | Depths:3 | Found Hezij's Antique Weapon Emporium.
 41540 | Depths:3 | Found Qaywa's Magic Scroll Emporium.
 41540 | Depths:3 | Found Zeriam's Book Shoppe.
 41545 | Depths:3 | Found Igreopsa's Distillery.
 41548 | Depths:3 | Bought a scroll of fear for 73 gold pieces
 41548 | Depths:3 | Bought a scroll of blinking for 157 gold pieces
 41548 | Depths:3 | Bought a scroll of teleportation for 63 gold pieces
 41548 | Depths:3 | Bought a scroll of fog for 42 gold pieces
 41548 | Depths:3 | Bought a scroll of fear for 73 gold pieces
 41558 | Depths:3 | Bought a potion of magic for 152 gold pieces
 41558 | Depths:3 | Bought a potion of magic for 152 gold pieces
 41558 | Depths:3 | Bought 2 potions of curing for 114 gold pieces
 41558 | Depths:3 | Bought a potion of ambrosia for 152 gold pieces
 41558 | Depths:3 | Bought a potion of might for 76 gold pieces
 41558 | Depths:3 | Bought a potion of heal wounds for 95 gold pieces
 41558 | Depths:3 | Bought a potion of might for 76 gold pieces
 41794 | Depths:3 | Found a one-way gate leading to the halls of Pandemonium.
 42235 | Depths:4 | Noticed Mennas
 42249 | Depths:4 | Killed Mennas
 42579 | Depths:4 | Found a runed door.
 42747 | Depths:4 | Reached skill level 10 in Hexes
 42785 | Depths:4 | Noticed a golden dragon
 42791 | Depths:4 | Killed a golden dragon
 42802 | Depths:4 | Reached XP level 23. HP: 267/267 MP: 30/32
 43165 | Depths:4 | Found a runed door.
 43258 | Depths:4 | Identified the +0 large shield "Dughosse" {rC+ MR- rCorr} (You acquired it on level 4 of the Depths)
 43432 | Depths:5 | Entered Level 5 of the Depths
 43436 | Depths:5 | Noticed a juggernaut
 43439 | Depths:5 | Killed a juggernaut
 43669 | Depths:5 | Noticed the Enchantress
 43676 | Depths:5 | Killed the Enchantress
 43757 | Depths:5 | Reached skill level 24 in Unarmed Combat
 43947 | Depths:5 | Gained mutation: You possess an exceptional clarity of mind. [the bear spirit]
 43947 | Depths:5 | Reached XP level 24. HP: 274/278 MP: 32/32
 44001 | Depths:5 | Found a gate to the Realm of Zot.
 44012 | Zot:1    | Entered Level 1 of the Realm of Zot
 44228 | Zot:1    | Reached skill level 25 in Unarmed Combat
 44567 | Zot:5    | Entered Level 5 of the Realm of Zot
 44928 | Zot:5    | Reached skill level 26 in Unarmed Combat
 44994 | Zot:5    | Noticed an orb of fire
 45001 | Zot:5    | Gained mutation: You are clumsy. (Dex -3) [an orb of fire]
 45006 | Zot:5    | Killed an orb of fire
 45034 | Zot:5    | Noticed an orb of fire
 45037 | Zot:5    | Killed an orb of fire
 45039 | Zot:5    | Noticed an ancient lich
 45041 | Zot:5    | Killed an ancient lich
 45041 | Zot:5    | Reached skill level 27 in Unarmed Combat
 45045 | Zot:5    | Reached XP level 25. HP: 285/285 MP: 20/32
 45069 | Zot:5    | Noticed an orb of fire
 45096 | Zot:5    | Noticed an orb of fire
 45101 | Zot:5    | Killed an orb of fire
 45109 | Zot:5    | Lost mutation: You possess an exceptional clarity of mind. [an orb of fire]
 45112 | Zot:5    | Killed an orb of fire
 45138 | Zot:5    | Noticed an orb of fire
 45139 | Zot:5    | Lost mutation: Your natural rate of healing is unusually fast. [an orb of fire]
 45144 | Zot:5    | Killed an orb of fire
 45144 | Zot:5    | Reached skill level 15 in Transmutations
 45146 | Zot:5    | Noticed an orb of fire
 45149 | Zot:5    | Gained mutation: Your magical capacity is low. (-10% MP) [an orb of fire]
 45154 | Zot:5    | Gained mutation: You do not regenerate when monsters are visible. [an orb of fire]
 45155 | Zot:5    | Gained mutation: Your magical capacity is very low. (-20% MP) [an orb of fire]
 45159 | Zot:5    | Killed an orb of fire
 45338 | Zot:5    | Noticed an orb of fire
 45342 | Zot:5    | Gained mutation: Your body sometimes deteriorates upon taking damage. [an orb of fire]
 45348 | Zot:5    | Killed an orb of fire
 45502 | Zot:5    | Noticed an ancient lich
 45508 | Zot:5    | Killed an ancient lich
 45653 | Zot:5    | Got the Orb of Zot
 45674 | Zot:5    | Noticed an ancient lich
 45678 | Zot:5    | Killed an ancient lich
 45681 | Zot:5    | Noticed Ussobb the pandemonium lord
 46301 | D:$      | Escaped with the Orb!

Skill      XL: |  1  2  3  4  5  6  7  8  9 10 11 12 13 14 15 16 17 18 19 20 21 22 23 24 25 |
---------------+----------------------------------------------------------------------------+-----
Unarmed Combat | 1 2 4 5 7 8 11 12 14 17 19 20 23 24 27 | 27.0
Fighting       | 12 18 23 24 25 | 25.3
Dodging        | 5 10 12 13 14 | 14.3
Invocations    | 3 11 | 11.7
Shields        | 3 6 |  6.8
Stealth        | 5 |  5.6
Charms         | 4 |  4.5
Spellcasting   | 6 |  6.0
Transmutations | 3 10 12 13 16 | 16.1
Earth Magic    | 7 13 | 13.1
Hexes          | 7 10 13 | 13.9

Action                   |  1- 3 |  4- 6 |  7- 9 | 10-12 | 13-15 | 16-18 | 19-21 | 22-24 | 25-27 || total
-------------------------+-------+-------+-------+-------+-------+-------+-------+-------+-------++-------
Melee: Unarmed           |   137 |    86 |    68 |   728 |  1199 |  1216 |   792 |   633 |   105 ||  4964
       Bite              |    16 |     6 |     7 |    85 |   265 |   245 |   140 |   114 |    16 ||   894
       Punch             |     1 |     4 |     5 |    54 |       |       |       |     8 |     6 ||    78
       Kick              |       |       |       |   227 |    37 |       |       |       |       ||   264
       Tailslap          |       |       |       |       |       |       |       |     8 |     9 ||    17
 Cast: Statue Form       |       |       |       |       |       |    18 |    39 |    44 |     2 ||   103
       Hydra Form        |       |       |       |       |       |       |     2 |       |       ||     2
       Dragon Form       |       |       |       |       |       |       |       |     2 |     4 ||     6
       Invisibility      |       |       |       |       |       |       |       |     1 |       ||     1
Invok: Slouch            |       |       |       |     1 |     7 |    15 |     3 |     6 |       ||    32
       Bend Time         |       |       |       |       |     5 |     2 |       |       |       ||     7
       Temporal Distorti |       |       |       |       |     3 |     2 |     2 |     2 |     1 ||    10
       Step From Time    |       |       |       |       |     2 |     1 |     2 |       |       ||     5
 Abil: End Transformatio |       |       |       |       |       |       |     3 |     2 |     4 ||     9
Evoke: Wand              |       |       |       |    21 |     7 |     7 |     2 |     4 |       ||    41
  Use: Potion            |       |     2 |     7 |    10 |     7 |     8 |     5 |       |     3 ||    42
       Scroll            |       |    10 |       |    26 |    13 |    13 |    11 |     6 |     2 ||    81
 Stab: Sleeping          |     8 |     9 |       |    16 |    33 |    10 |    20 |     8 |       ||   104
       Invisible         |       |       |     3 |     7 |    11 |    10 |       |     2 |       ||    33
       Distracted        |       |       |       |     2 |     4 |     5 |     2 |     2 |       ||    15
       Confused          |       |       |       |       |       |     1 |       |       |       ||     1
  Eat: Chunk             |     8 |     4 |     7 |    20 |    23 |    15 |    20 |    27 |     2 ||   126
       Meat ration       |       |       |     1 |       |       |       |       |       |       ||     1
Armor: Skin              |    28 |    30 |    26 |    70 |    29 |    87 |    79 |   139 |    10 ||   498
Dodge: Dodged            |    56 |    19 |    18 |   305 |   415 |   505 |   251 |   318 |    22 ||  1909
Block: Shield            |       |       |       |    56 |   957 |   315 |       |       |       ||  1328
       Reflection        |       |       |       |       |    28 |   137 |    71 |       |       ||   236
       Large shield      |       |       |       |       |       |  1082 |   878 |   870 |    53 ||  2883
       Other             |       |       |       |       |       |       |     2 |       |       ||     2
